3A
HOGSMEADE CAULDRONS @ COLUMBIA RIVER RATS
07/04/2034
 
TOP OF THE 1ST
Hogsmeade Cauldrons batting - Pitching for Columbia River Rats : LHP Gerrit Zuidgeest
Pitching: LHP Gerrit Zuidgeest
Batting: LHB Bartolo Trejo 0-0: Ball
1-0: Ball
2-0: Called Strike
2-1: Swinging Strike
2-2: Strikes out looking
Batting: RHB Diederick Tuiters 0-0: Swinging Strike
0-1: Ball
1-1: Swinging Strike
1-2: Strikes out swinging
Batting: SHB Max Bortenschlager 0-0: Swinging Strike
0-1: Fly out, F7 (Line Drive, 7)
Top of the 1st over - 0 runs, 0 hits, 0 errors, 0 left on base; Hogsmeade 0 - Columbia 0
BOTTOM OF THE 1ST
Columbia River Rats batting - Pitching for Hogsmeade Cauldrons : RHP Greg O'Day
Pitching: RHP Greg O'Day
Batting: LHB Kevin McIndeor 0-0: Bunted foul
0-1: Foul Ball, location: 2F
0-2: Strikes out looking
Batting: RHB Tyler Marés 0-0: Foul Ball, location: 2F
0-1: Ball
1-1: Ground out 6-3 (Groundball, 6S)
Batting: RHB Tyler Bowen 0-0: Ball
1-0: Foul Ball, location: 2F
1-1: Ball
2-1: Ball
3-1: Swinging Strike
3-2: Foul Ball, location: 2F
3-2: Foul Ball, location: 2F
3-2: Strikes out swinging
Bottom of the 1st over - 0 runs, 0 hits, 0 errors, 0 left on base; Hogsmeade 0 - Columbia 0
TOP OF THE 2ND
Hogsmeade Cauldrons batting - Pitching for Columbia River Rats : LHP Gerrit Zuidgeest
Batting: LHB Ewan Manshert 0-0: Swinging Strike
0-1: Ball
1-1: SINGLE (Groundball, 4MD)
Batting: RHB Jimmy Robinson 0-0: Foul Ball, location: 2F
0-1: Foul Ball, location: 2F
0-2: Ball
1-2: Ground out 5-3 (Groundball, 56S)
Ewan Manshert to second
Batting: RHB Pablo Álvarez 0-0: Ball
1-0: Ball
2-0: Called Strike
2-1: Foul Ball, location: 2F
2-2: Fly out, F9 (Flyball, 89XD)
Runner from 2nd tags up, SAFE at 3rd, no throw
Batting: SHB Manny López 0-0: Ball
1-0: SINGLE (Line Drive, 6M)
Ewan Manshert scores
Batting: RHB Pablo Ortíz 0-0: Foul Ball, location: 2F
0-1: Ball
1-1: Reached on error, E6 (Groundball, 6)
Manny López to second
Batting: RHB Héctor Dávila 0-0: Fly out, F4 (Line Drive, 4)
Top of the 2nd over - 1 run, 2 hits, 1 error, 2 left on base; Hogsmeade 1 - Columbia 0
BOTTOM OF THE 2ND
Columbia River Rats batting - Pitching for Hogsmeade Cauldrons : RHP Greg O'Day
Batting: LHB King Rutledge 0-0: Ball
1-0: Ball
2-0: Ball
3-0: Base on Balls
Batting: SHB Brian Burt 0-0: Ball
1-0: Ball
2-0: Swinging Strike
2-1: Foul Ball, location: 2F
2-2: Ball
3-2: Fly out, F8 (Flyball, 8LM)
Batting: RHB Tae-wan Park 0-0: Ball
King Rutledge steals 2nd base
1-0: Ground out 3-1 (Groundball, 34)
King Rutledge to third
Batting: RHB Don Skerrett 0-0: Fly out, F8 (Flyball, 8LS)
Bottom of the 2nd over - 0 runs, 0 hits, 0 errors, 1 left on base; Hogsmeade 1 - Columbia 0
TOP OF THE 3RD
Hogsmeade Cauldrons batting - Pitching for Columbia River Rats : LHP Gerrit Zuidgeest
Batting: LHB Bartolo Trejo 0-0: Ball
1-0: Ball
2-0: Called Strike
2-1: Called Strike
2-2: Foul Ball, location: 2F
2-2: Foul Ball, location: 2F
2-2: Foul Ball, location: 2F
2-2: Foul Ball, location: 2F
2-2: DOUBLE (Line Drive, 7LM)
Batting: RHB Diederick Tuiters 0-0: Ball
1-0: Called Strike
1-1: Ball
2-1: Ball
3-1: Called Strike
3-2: Fly out, F6 (Popup, 6D)
Batting: SHB Max Bortenschlager 0-0: Fly out, F4 (Popup, 4S)
Batting: LHB Ewan Manshert 0-0: SINGLE (Flyball, 7LS)
Bartolo Trejo to third
Runner from 3rd tries for Home, SAFE, no throw
Batting: RHB Jimmy Robinson 0-0: Ball
1-0: Ball
2-0: Called Strike
2-1: Called Strike
2-2: Strikes out swinging
Top of the 3rd over - 1 run, 2 hits, 0 errors, 1 left on base; Hogsmeade 2 - Columbia 0
BOTTOM OF THE 3RD
Columbia River Rats batting - Pitching for Hogsmeade Cauldrons : RHP Greg O'Day
Batting: RHB Marcos Martínez 0-0: Called Strike
0-1: Foul Ball, location: 2F
0-2: Ball
1-2: Ground out 6-3 (Groundball, 6)
Batting: LHB Seika Hagiwara 0-0: Ball
1-0: Ball
2-0: Ball
3-0: Called Strike
3-1: Swinging Strike
3-2: Foul Ball, location: 2F
3-2: Ground out 4-3 (Groundball, 4)
Batting: LHB Kevin McIndeor 0-0: Called Strike
0-1: Ball
1-1: Foul Ball, location: 2F
1-2: Strikes out swinging
Bottom of the 3rd over - 0 runs, 0 hits, 0 errors, 0 left on base; Hogsmeade 2 - Columbia 0
TOP OF THE 4TH
Hogsmeade Cauldrons batting - Pitching for Columbia River Rats : LHP Gerrit Zuidgeest
Batting: RHB Pablo Álvarez 0-0: Called Strike
0-1: SINGLE (Groundball, 6MD)
Batting: SHB Manny López 0-0: Ball
1-0: Called Strike
1-1: Grounds into double play, 5-4-3 (Groundball, 5)
Batting: RHB Pablo Ortíz 0-0: Called Strike
0-1: Ball
1-1: Foul Ball, location: 2F
1-2: Ball
2-2: Foul Ball, location: 2F
2-2: Ball
3-2: SOLO HOME RUN (Flyball, 78XD), Distance : 416 ft
Batting: RHB Héctor Dávila 0-0: Called Strike
0-1: Swinging Strike
0-2: Ball
1-2: Foul Ball, location: 2F
1-2: Foul Ball, location: 2F
1-2: Strikes out swinging
Top of the 4th over - 1 run, 2 hits, 0 errors, 0 left on base; Hogsmeade 3 - Columbia 0
BOTTOM OF THE 4TH
Columbia River Rats batting - Pitching for Hogsmeade Cauldrons : RHP Greg O'Day
Batting: RHB Tyler Marés 0-0: Foul Ball, location: 2F
0-1: Called Strike
0-2: Fly out, F7 (Flyball, 7LMF)
Batting: RHB Tyler Bowen 0-0: Fly out, F4 (Popup, 4MS)
Batting: LHB King Rutledge 0-0: Foul Ball, location: 2F
0-1: Ball
1-1: Ball
2-1: Foul Ball, location: 2F
2-2: Strikes out swinging
Bottom of the 4th over - 0 runs, 0 hits, 0 errors, 0 left on base; Hogsmeade 3 - Columbia 0
TOP OF THE 5TH
Hogsmeade Cauldrons batting - Pitching for Columbia River Rats : LHP Gerrit Zuidgeest
Batting: LHB Bartolo Trejo 0-0: Called Strike
0-1: Swinging Strike
0-2: Foul Ball, location: 2F
0-2: Foul Ball, location: 2F
0-2: Ball
1-2: Hit by Pitch
Batting: RHB Diederick Tuiters 0-0: Sac Bunt - play at first, batter OUT! 1-3
Bartolo Trejo to second
Batting: SHB Max Bortenschlager 0-0: Ball
1-0: SINGLE (Line Drive, 4MD)
Bartolo Trejo to third
Runner from 3rd tries for Home, SAFE, no throw
Batting: LHB Ewan Manshert 0-0: Called Strike
0-1: SINGLE (Flyball, 89S)
Max Bortenschlager to second
Batting: RHB Jimmy Robinson 0-0: Ball
1-0: SINGLE (Flyball, 34D)
Max Bortenschlager to third
Ewan Manshert to second
Batting: RHB Pablo Álvarez 0-0: Swinging Strike
0-1: Ball
1-1: Swinging Strike
1-2: Strikes out swinging
Batting: SHB Manny López 0-0: Ball
1-0: Called Strike
1-1: Foul Ball, location: 2F
1-2: Strikes out swinging
Top of the 5th over - 1 run, 3 hits, 0 errors, 3 left on base; Hogsmeade 4 - Columbia 0
BOTTOM OF THE 5TH
Columbia River Rats batting - Pitching for Hogsmeade Cauldrons : RHP Greg O'Day
Batting: SHB Brian Burt 0-0: Ball
1-0: Ball
2-0: Called Strike
2-1: Ball
3-1: Foul Ball, location: 2F
3-2: Fly out, F7 (Flyball, 7LSF)
Batting: RHB Tae-wan Park 0-0: Foul Ball, location: 2F
0-1: Called Strike
0-2: Fly out, F8 (Flyball, 8LM)
Batting: RHB Don Skerrett 0-0: Called Strike
0-1: SINGLE (Line Drive, 7S)
Batting: RHB Marcos Martínez 0-0: Called Strike
0-1: Called Strike
0-2: Ball
1-2: Ground out 6-3 (Groundball, 6MD)
Bottom of the 5th over - 0 runs, 1 hit, 0 errors, 1 left on base; Hogsmeade 4 - Columbia 0
TOP OF THE 6TH
Hogsmeade Cauldrons batting - Pitching for Columbia River Rats : LHP Gerrit Zuidgeest
Batting: RHB Pablo Ortíz 0-0: Fly out, F8 (Line Drive, 78D)
Batting: RHB Héctor Dávila 0-0: Ball
1-0: DOUBLE (Flyball, 78D)
Batting: LHB Bartolo Trejo 0-0: Foul Ball, location: 2F
0-1: Hit by Pitch
Batting: RHB Diederick Tuiters 0-0: Called Strike
0-1: Ball
1-1: Foul Ball, location: 2F
1-2: Fielders Choice at 2nd, 3-6 (Groundball, 3)
Héctor Dávila to third
Batting: SHB Max Bortenschlager 0-0: Called Strike
0-1: Ball
1-1: Ball
2-1: Fly out, F9 (Flyball, 89M)
Top of the 6th over - 0 runs, 1 hit, 0 errors, 2 left on base; Hogsmeade 4 - Columbia 0
BOTTOM OF THE 6TH
Columbia River Rats batting - Pitching for Hogsmeade Cauldrons : RHP Greg O'Day
Batting: LHB Seika Hagiwara 0-0: Swinging Strike
0-1: Called Strike
0-2: Ball
1-2: Foul Ball, location: 2F
1-2: Fly out, F7 (Line Drive, 7LM)
Batting: LHB Kevin McIndeor 0-0: Foul Ball, location: 2F
0-1: Swinging Strike
0-2: Ball
1-2: Ball
2-2: Ground out 5-3 (Groundball, 5)
Batting: RHB Tyler Marés 0-0: Swinging Strike
0-1: Swinging Strike
0-2: Ball
1-2: Foul Ball, location: 2F
1-2: Ground out 6-3 (Groundball, 6)
Bottom of the 6th over - 0 runs, 0 hits, 0 errors, 0 left on base; Hogsmeade 4 - Columbia 0
TOP OF THE 7TH
Hogsmeade Cauldrons batting - Pitching for Columbia River Rats : LHP Gerrit Zuidgeest
Pitching: RHP Francisco Santos
Batting: LHB Ewan Manshert 0-0: Ball
1-0: Foul Ball, location: 2F
1-1: Ball
2-1: Foul Ball, location: 2F
2-2: Strikes out swinging
Batting: RHB Jimmy Robinson 0-0: Ball
1-0: Ball
2-0: Foul Ball, location: 2F
2-1: Foul Ball, location: 2F
2-2: Foul Ball, location: 2F
2-2: Strikes out looking
Batting: RHB Pablo Álvarez 0-0: Ball
1-0: Foul Ball, location: 2F
1-1: Foul Ball, location: 2F
1-2: Ball
2-2: Foul Ball, location: 2F
2-2: Ball
3-2: Base on Balls
Batting: SHB Manny López 0-0: Ball
1-0: Ball
2-0: Ball
3-0: Base on Balls
Pablo Álvarez to second
Batting: RHB Pablo Ortíz 0-0: Ball
1-0: Ball
2-0: Foul Ball, location: 2F
2-1: Ball
3-1: Base on Balls
Pablo Álvarez to third
Manny López to second
Batting: RHB Héctor Dávila 0-0: Swinging Strike
0-1: Ball
1-1: Ball
2-1: Swinging Strike
2-2: Strikes out swinging
Top of the 7th over - 0 runs, 0 hits, 0 errors, 3 left on base; Hogsmeade 4 - Columbia 0
BOTTOM OF THE 7TH
Columbia River Rats batting - Pitching for Hogsmeade Cauldrons : RHP Greg O'Day
Batting: RHB Tyler Bowen 0-0: Ball
1-0: Ball
2-0: Ball
3-0: Called Strike
3-1: Foul Ball, location: 2F
3-2: Base on Balls
Pitching: RHP Doug Schmidt
Batting: LHB King Rutledge 0-0: Foul Ball, location: 2F
0-1: Ball
1-1: Foul Ball, location: 2F
1-2: 2-RUN HOME RUN (Flyball, 9LD), Distance : 349 ft
Batting: SHB Brian Burt 0-0: Fly out, F8 (Flyball, 8LD)
Batting: RHB Tae-wan Park 0-0: Called Strike
0-1: Foul Ball, location: 2F
0-2: Strikes out looking
Batting: RHB Don Skerrett 0-0: Called Strike
0-1: Foul Ball, location: 2F
0-2: Ball
1-2: Ball
2-2: Ball
3-2: Foul Ball, location: 2F
3-2: Fly out, F9 (Flyball, 9S)
Bottom of the 7th over - 2 runs, 1 hit, 0 errors, 0 left on base; Hogsmeade 4 - Columbia 2
TOP OF THE 8TH
Hogsmeade Cauldrons batting - Pitching for Columbia River Rats : RHP Francisco Santos
Batting: LHB Bartolo Trejo 0-0: Foul Ball, location: 2F
0-1: Foul Ball, location: 2F
0-2: Foul Ball, location: 2F
0-2: Ball
1-2: Ground out 4-3 (Groundball, 4)
Batting: RHB Diederick Tuiters 0-0: Foul Ball, location: 2F
0-1: Ball
1-1: Swinging Strike
1-2: Ground out 1-3 (Groundball, 15S)
Batting: SHB Max Bortenschlager 0-0: Foul Ball, location: 2F
0-1: Ball
1-1: Foul Ball, location: 2F
1-2: Ball
2-2: Foul Ball, location: 2F
2-2: Strikes out swinging
Top of the 8th over - 0 runs, 0 hits, 0 errors, 0 left on base; Hogsmeade 4 - Columbia 2
BOTTOM OF THE 8TH
Columbia River Rats batting - Pitching for Hogsmeade Cauldrons : RHP Doug Schmidt
Batting: RHB Marcos Martínez 0-0: Ball
1-0: Foul Ball, location: 2F
1-1: Ball
2-1: Called Strike
2-2: Ball
3-2: Strikes out swinging
Batting: LHB Seika Hagiwara 0-0: Ball
1-0: Foul Ball, location: 2F
1-1: Ball
2-1: Ball
3-1: Base on Balls
Pinch Runner at 1st Ximena Ortíz:
Batting: LHB Kevin McIndeor 0-0: Fly out, F7 (Flyball, 7S)
Batting: RHB Tyler Marés 0-0: Ball
1-0: Ball
2-0: Called Strike
2-1: DOUBLE (Line Drive, 9LM)
Ximena Ortíz to third
Runner from 3rd tries for Home, SAFE, throw made at trailing runner, OUT at third!
Bottom of the 8th over - 1 run, 1 hit, 0 errors, 0 left on base; Hogsmeade 4 - Columbia 3
TOP OF THE 9TH
Hogsmeade Cauldrons batting - Pitching for Columbia River Rats : RHP Francisco Santos
Pitching: RHP Kit Scheetz
Now at SS: José Palma
Batting: LHB Ewan Manshert 0-0: Called Strike
0-1: Foul Ball, location: 2F
0-2: Strikes out swinging
Batting: RHB Jimmy Robinson 0-0: Ball
1-0: Foul Ball, location: 2F
1-1: Ball
2-1: Ball
3-1: Called Strike
3-2: Fly out, F8 (Flyball, 89D)
Batting: RHB Pablo Álvarez 0-0: Called Strike
0-1: Ball
1-1: Ball
2-1: Foul Ball, location: 2F
2-2: Strikes out swinging
Top of the 9th over - 0 runs, 0 hits, 0 errors, 0 left on base; Hogsmeade 4 - Columbia 3
BOTTOM OF THE 9TH
Columbia River Rats batting - Pitching for Hogsmeade Cauldrons : RHP Doug Schmidt
Pitching: LHP Jeffery Brock
Batting: RHB Tyler Bowen 0-0: Called Strike
0-1: Ball
1-1: Called Strike
1-2: Foul Ball, location: 2F
1-2: Foul Ball, location: 2F
1-2: Strikes out swinging
Pinch Hitting: RHB Daniel Arbogast 0-0: Ball
1-0: Ball
2-0: Ball
3-0: Called Strike
3-1: Foul Ball, location: 2F
3-2: Ground out 5-3 (Groundball, 56S)
Batting: SHB Brian Burt 0-0: Swinging Strike
0-1: Ball
1-1: Ball
2-1: Foul Ball, location: 2F
2-2: SINGLE (Groundball, 4MD)
Batting: RHB Tae-wan Park 0-0: Called Strike
0-1: Fly out, F8 (Flyball, 8LD)
Bottom of the 9th over - 0 runs, 1 hit, 0 errors, 1 left on base; Hogsmeade 4 - Columbia 3
Friday, March 29th, 2019 - OOTP Baseball 18.8 Build 76